 Dungeon Crawl Stone Soup version 0.27-a0-998-g4cfe56dd59 (webtiles) character file.

Game seed: 4289721796636263954

13 Zeld the Ducker (level 2, 0/21 HPs)
             Began as an Octopode Fighter on Apr 16, 2021.
             Slain by a goblin
             ... wielding a +0 dagger
              (2 damage)
             ... on level 1 of the Dungeon.
             The game lasted 00:01:12 (313 turns).

Zeld the Ducker (Octopode Fighter)                   Turns: 313, Time: 00:01:13

Health: 0/21       AC:  1    Str: 15    XL:     2   Next: 37%
Magic:  2/2        EV: 11    Int: 10    God:
Gold:   17         SH:  8    Dex: 11    Spells: 1/1 levels left

rFire    . . .     SeeInvis .     - Unarmed
rCold    . . .     Faith    .   a - +0 kite shield
rNeg     . . .     Spirit   .   (helmet restricted)
rPois    .         Reflect  .   (no amulet)
rElec    .         Harm     .   (no ring)
rCorr    .         Rampage  .   (no ring)
Will     .....                  (no ring)
Stlth    ++........             (no ring)
HPRegen  0.07/turn              (no ring)
MPRegen  0.08/turn              (no ring)
                                (no ring)
                                (no ring)

@: no status effects
A: almost no armour, amphibious, 8 rings, camouflage 1, gelatinous body 1,
(nimble swimmer 1), tentacles
a: no special abilities


You were on level 1 of the Dungeon.
You visited 1 branch of the dungeon, and saw 1 of its levels.

You collected 17 gold pieces.

Inventory:

Armour
 a - a +0 kite shield (worn)
Scrolls
 c - a scroll of identify {unknown}
Potions
 b - a potion of might


   Skills:
 * Level 3.2 Fighting
 * Level 3.2 Dodging
 + Level 3.1 Shields
 - Level 2.0 Unarmed Combat
 * Level 1.0 Invocations


You had one spell level left.
You didn't know any spells.
Your spell library was empty.

Dungeon Overview and Level Annotations

Branches:
Dungeon (1/15)

Altars:


Innate Abilities, Weirdness & Mutations

You cannot wear most types of armour.
You are amphibious.
You can wear up to eight rings at the same time.
Your skin changes colour to match your surroundings (Stealth+).
Your rubbery body absorbs attacks. (AC +1, EV +1)
((You are camouflaged near water. (Stealth+)))
You have tentacles for arms and can constrict up to eight enemies at once.


Message History

The ball python constricts you.
The jackal barks!
The ball python hisses angrily.
You tentacle-slap the ball python.
You kill the ball python!
You block the jackal's attack. The jackal closely misses you.
You block the jackal's attack.
You tentacle-slap the jackal but do no damage.
You grab the jackal. You constrict the jackal.
The jackal closely misses you. x2
The jackal misses you.
Your shield prevents you from hitting the jackal.
You squeeze the jackal.
You kill the jackal!
You block the jackal's attack. The ball python bites you.
The ball python grabs you. The ball python constricts you.
The jackal bites you.
The jackal bites you but does no damage.
You block the jackal's attack. The ball python bites you.
The ball python constricts you. You block the jackal's attack.
You closely miss the ball python. You grab the ball python.
You constrict the ball python. You block the jackal's attack.
The jackal bites you. The goblin hits you but does no damage.
The ball python closely misses you. The ball python constricts you.
You block the jackal's attack. x2; The jackal completely misses you.
You tentacle-slap the ball python.
You kill the ball python!
The jackal bites you but does no damage.
The goblin hits you with a +0 dagger. The jackal bites you.
The jackal bites you but does no damage. x2
The goblin hits you with a +0 dagger. The jackal misses you.
You are too injured to fight recklessly!
You are too injured to fight recklessly!
You are too injured to fight recklessly!
Unknown command.
You are too injured to fight recklessly!
The jackal bites you.
* * * LOW HITPOINT WARNING * * *
The jackal bites you.
* * * LOW HITPOINT WARNING * * *
The goblin hits you with a +0 dagger.
You die...

#.... #..... ......
.. ...... ...
#.!...# ..####
....... #.... #
.......##..### .#
###
......†@#....####.##
≈≈#
#.....ghhh.........#
#≈#
....!..#.#.#.#.#...#
#≈#
..................#
≈≈#..# #
......#.#.#.#.#.#.#
###..##.
..................#
#....#.
##...###...###....#
..##... ###. #.###
####.### ####..# #.
#.# #...#


You could see 3 jackals and a goblin.

Vanquished Creatures
  A dart slug (D:1)
  2 ball pythons (D:1)
  A bat (D:1)
  A giant cockroach (D:1)
  A goblin (D:1)
  A hobgoblin (D:1)
  A jackal (D:1)
  A kobold (D:1)
  A rat (D:1)
10 creatures vanquished.

Notes
Turn   | Place    | Note
-------+----------+-------------------------------------------
     0 | D:1      | Zeld the Octopode Fighter began the quest for the Orb.
     0 | D:1      | Reached XP level 1. HP: 16/16 MP: 1/1
   179 | D:1      | Reached XP level 2. HP: 17/21 MP: 2/2
   303 | D:1      | Reached skill level 1 in Invocations
   313 | D:1      | Slain by a goblin

Illustrated notes

Levels and vault maps discovered:
D:1:      ncdulo_wetmaze, layout_rooms, shapermc_ecumenical_altar_starsandcircs,
          chequers_arboretum, minmay_misc_feat_pillars

Skill      XL: |  1  2 |
---------------+-------+-----
Invocations    | 1 |  1.0
Fighting       | |  3.2
Dodging        | |  3.2
Shields        | |  3.1
Unarmed Combat | |  2.0

Action                   || total
-------------------------++-------
Melee: Unarmed           ||    23
       Constrict         ||     8
       Tentacles         ||     2
 Stab: Sleeping          ||     3
Armor: Skin              ||     6
Dodge: Dodged            ||    19
Block: Kite shield       ||    15

Table legend: (Time is in decaauts)
 A = Elapsed time spent in this place.
 B = Non-inter-level travel time spent in this place.
 C = Inter-level travel time spent in this place.
 D = Time resting spent in this place.
 E = Time spent auto-exploring this place.
 F = Levels seen in this place.
 G = Mean time per level.
                   A        B        C        D        E       F      G
               +--------+--------+--------+--------+--------+-----+--------+
         Total |    318 |    318 |      0 |      0 |    245 |   1 |  318.0 |
       Dungeon |    318 |    318 |      0 |      0 |    245 |   1 |  318.0 |
               +--------+--------+--------+--------+--------+-----+--------+

Top non-repeatable levels by time:
     D:1: 318 daAuts
